AoeStats
← NicoTheGreat999

Arena

503899556Analyzed
3v3 RM · 29d ago on Sep 2, 2026· 48m 35s· 6 players
Game mode
Random Map
Map size
Normal (6 player)
Population
200
Speed
Normal
Resources
Standard
Victory
Conquest
Starting age
Dark Age
Ending age
Imperial Age
RankedLock teamsTeams togetherTeam positionsShared explorationLock speedFull tech treeHidden civsTurbo modeCheats
Victory
Defeat
🇦🇷 Celts · Argentina
1007
+7
🇦🇷 Romans · Argentina
814
+14
🇦🇷 Bulgarians · Argentina
635
+21
🇨🇦 Byzantines · Canada
816
-16
🇨🇦 Persians · Canada
807
-15
🇨🇦 Franks · Canada
700
-13
gustavo.chungara.22
11:45 Feudal Age
12:59 Double-Bit Axe
12:57 Horse Collar
18:25 Castle Age
18:23 Fletching
19:53 Bow Saw
19:46 Heavy Plow
19:58 Bodkin Arrow
28:07 Scale Mail Armor
28:13 Scale Barding Armor
30:07 Wheelbarrow
32:17 Redemption
33:35 Chain Mail Armor
33:31 Forging
36:59 Imperial Age
35:57 Iron Casting
35:20 Man-at-Arms
36:02 Squires
37:14 Ballistics
37:06 Fortified Wall
36:52 Murder Holes
37:03 Gold Mining
36:55 Long Swordsman
39:19 Chemistry
38:18 Murder Holes
37:45 Legionary
38:54 Ballistas
40:33 Heavy Scorpion
41:45 Comitatenses
41:48 Conscription
44:33 Capped Ram
44:36 Onager
45:52 Hand Cart
ChAp
0:32 Loom
13:48 Feudal Age
16:22 Wheelbarrow
18:11 Horse Collar
20:08 Town Watch
20:20 Double-Bit Axe
22:01 Forging
21:52 Scale Mail Armor
22:12 Forging
26:47 Castle Age
29:34 Light Cavalry
30:24 Bloodlines
30:38 Hand Cart
30:33 Husbandry
30:40 Pikeman
31:06 Gambesons
31:25 Squires
30:45 Pikeman
31:28 Scale Mail Armor
32:03 Iron Casting
31:29 Padded Archer Armor
31:20 Fletching
31:29 Gold Mining
31:29 Stone Mining
35:06 Chain Mail Armor
35:57 Bow Saw
37:08 Heavy Plow
38:24 Murder Holes
38:53 Ballistics
40:00 Bodkin Arrow
49:21 Imperial Age
Erickinio
10:51 Feudal Age
11:25 Double-Bit Axe
12:42 Arson
13:06 Loom
13:33 Forging
13:26 Man-at-Arms
25:09 Scale Mail Armor
30:56 Castle Age
29:48 Horse Collar
30:30 Gold Mining
30:35 Stone Mining
31:53 Wheelbarrow
31:30 Long Swordsman
31:56 Gambesons
33:29 Bow Saw
35:04 Hand Cart
34:44 Pikeman
38:16 Gold Shaft Mining
39:37 Iron Casting
39:18 Chain Mail Armor
38:54 Treadmill Crane
40:58 Masonry
42:06 Murder Holes
45:50 Imperial Age
43:48 Chain Mail Armor
43:55 Ballistics
44:22 Stone Shaft Mining
45:36 Fortified Wall
46:54 Conscription
46:25 Stronghold
46:45 Furor Celtica
47:33 Town Watch
47:10 Halberdier
49:21 Blast Furnace
48:52 Plate Mail Armor
49:50 Chemistry
Kwasnica
5:09 Loom
10:29 Feudal Age
14:51 Double-Bit Axe
18:47 Castle Age
17:56 Forging
18:06 Man-at-Arms
20:14 Long Swordsman
21:15 Scale Mail Armor
25:27 Bow Saw
26:56 Horse Collar
27:54 Gold Mining
31:09 Wheelbarrow
32:04 Heavy Plow
32:31 Arson
32:33 Gambesons
33:13 Hand Cart
33:15 Stone Mining
33:54 Scale Barding Armor
38:51 Imperial Age
40:27 Iron Casting
40:13 Chain Barding Armor
40:39 Elite Cataphract
43:04 Fletching
43:14 Padded Archer Armor
46:28 Logistica
48:29 Plate Barding Armor
NicoTheGreat999
5:42 Loom
9:19 Feudal Age
9:54 Double-Bit Axe
20:48 Castle Age
34:13 Stone Mining
38:05 Wheelbarrow
37:15 Town Watch
40:36 Hand Cart
42:04 Husbandry
47:12 Imperial Age
45:03 Caravan
47:31 Cavalier
Vinnyloot
10:04 Feudal Age
12:12 Loom
13:34 Double-Bit Axe
14:06 Horse Collar
15:04 Loom
18:26 Castle Age
15:56 Man-at-Arms
21:07 Town Watch
23:45 Gold Mining
24:10 Stone Mining
25:39 Pikeman
26:19 Squires
27:39 Crossbowman
33:22 Padded Archer Armor
33:23 Scale Mail Armor
35:18 Heavy Plow
35:19 Gambesons
35:40 Husbandry
42:26 Ballistics
42:01 Murder Holes
42:54 Bow Saw
44:10 Wheelbarrow
47:19 Imperial Age
47:27 Bloodlines
47:15 Halberdier
49:27 Chemistry
48:38 Masonry
Connection lost

Rejoining the realm…

Still unreachable

The connection could not be restored.

Session expired

The server has moved on; the page needs a fresh start.